 Dungeon Crawl Stone Soup version 0.29.1-14-g9c671dbff4 (webtiles) character file.

Game seed: 17023739597410708227

2076 Dvallin the Martial Artist (level 9, -1/79 HPs)
             Began as a Ghoul Monk on Feb 12, 2023.
             Was a Believer of Uskayaw.
             Shot with a bolt by an orc warrior (17 damage)
             ... on level 6 of the Dungeon.
             The game lasted 00:12:22 (5576 turns).

Dvallin the Martial Artist (Ghoul Monk)             Turns: 5576, Time: 00:12:23

Health: -1/79      AC:  9    Str: 21    XL:     9   Next: 26%
Magic:  9/9        EV: 12    Int:  5    God:    Uskayaw [**....]
Gold:   320        SH:  0    Dex: 15    Spells: 8/8 levels left

rFire   . . .      SeeInvis .     - Unarmed
rCold   + . .      Faith    .   (no shield)
rNeg    + + +      Spirit   .   q - +0 ring mail
rPois   ∞          Reflect  +   C - +1 helmet
rElec   .          Harm     .   y - +0 cloak
rCorr   .          Rampage  .   (no gloves)
Will    .....                   (no boots)
Stlth   ..........              x - amulet of reflection
HPRegen 0.00/turn               e - ring of flight
MPRegen 0.11/turn               g - +6 ring of strength

@: confused, ambrosia-drunk, flying, inhibited regen
A: claws 1, cold resistance 1, negative energy resistance 3, inhibited
regeneration, torment resistance 2, devour on kill
a: Renounce Religion, Stomp, Line Pass


You were on level 6 of the Dungeon.
You worshipped Uskayaw.
Uskayaw was noncommittal.
You visited 2 branches of the dungeon, and saw 7 of its levels.

You collected 320 gold pieces.

Inventory:

Hand Weapons
 j - a +0 sling
Missiles
 d - 59 stones
 p - 3 boomerangs (quivered)
 E - 11 silver javelins
 K - 2 poisoned darts
Armour
 m - a +0 plate armour
 q - a +0 ring mail (worn)
 r - a scarf of harm
 y - a +0 cloak (worn)
 C - a +1 helmet (worn)
Jewellery
 e - a ring of flight (left claw)
 g - a +6 ring of strength (right claw)
 w - a +6 ring of strength
 x - an amulet of reflection (around neck)
Wands
 v - a wand of flame (49)
Scrolls
 a - a scroll of blinking {unknown}
 h - 4 scrolls of identify {unknown}
 i - a scroll of brand weapon {unknown}
 n - 3 scrolls of amnesia {unknown}
 s - 2 scrolls of vulnerability {unknown}
 t - a scroll of noise {unknown}
 u - 2 scrolls of enchant armour {unknown}
 B - 2 scrolls of teleportation {unknown}
 D - a scroll of immolation {unknown}
 F - 2 scrolls of magic mapping {unknown}
 G - a scroll of enchant weapon {unknown}
 I - a scroll of poison {unknown}
Potions
 c - 3 potions of flight {unknown}
 f - 2 potions of brilliance {unknown}
 k - 3 potions of might {unknown}
 l - 4 potions of curing {unknown}
 o - 3 potions of degeneration {unknown}
 z - a potion of mutation {unknown}
 A - a potion of lignification {unknown}
 H - a potion of attraction {unknown}
 J - a potion of haste {unknown}


   Skills:
 + Level 7.3 Fighting
 + Level 4.8 Armour
 - Level 2.6 Dodging
 - Level 2.1 Stealth
 * Level 9.9 Unarmed Combat
 + Level 1.9 Invocations


You had 8 spell levels left.
You didn't know any spells.
Your spell library contained the following spells:

 Spells                   Type           Power      Damage    Failure   Level
 Blink                    Tloc           0%         N/A       77%         2
 Call Imp                 Summ           0%         N/A       77%         2
 Static Discharge         Conj/Air       0%         3-3/arc   77%         2
 Inner Flame              Hex/Fire       0%         N/A       94%         3
 Lesser Beckoning         Tloc           0%         N/A       94%         3
 Ozocubu's Armour         Ice            0%         N/A       94%         3
 Cause Fear               Hex            0%         N/A       100%        4
 Lightning Bolt           Conj/Air       0%         1d11      100%        5
 Manifold Assault         Tloc           0%         N/A       100%        5
 Metabolic Englaciation   Hex/Ice        0%         N/A       100%        5
 Summon Mana Viper        Hex/Summ       0%         N/A       100%        5
 Eringya's Noxious Bog    Tmut/Pois      0%         N/A       100%        6
 Simulacrum               Ice/Necr       0%         N/A       100%        6
 Monstrous Menagerie      Summ           0%         N/A       100%        7
 Discord                  Hex            0%         N/A       100%        8
 Maxwell's Capacitive Co  Air            0%         ∞         100%        8


Dungeon Overview and Level Annotations

Branches:
Dungeon (6/15)             Temple (1/1) D:6

Altars:
Ashenzari
Cheibriados
Dithmenos
Fedhas
Gozag
Hepliaklqana
Kikubaaqudgha
Makhleb
Nemelex Xobeh
Okawaru
Qazlal
Ru
Sif Muna
Trog
Uskayaw
Vehumet
Wu Jian
Xom

Shops:
D:2 [[[==   D:5 (   D:6 (


Innate Abilities, Weirdness & Mutations

You are immune to poison.
You have sharp fingernails.
Your flesh is cold resistant. (rC+)
You are immune to negative energy. (rN+++)
You do not regenerate when monsters are visible.
You are immune to unholy pain and torment.
You thrive by killing the living.


Message History

The gnoll hits you from afar with a +0 spear.
* * * LOW HITPOINT WARNING * * *
The gnoll sergeant misses you.
You scratch the gnoll sergeant but do no damage.
The gnoll sergeant is heavily wounded.
The gnoll hits you from afar with a +0 spear.
* * * LOW HITPOINT WARNING * * *
The gnoll sergeant hits you with a +1 trident of freezing.
* * * LOW HITPOINT WARNING * * *
You're too confused to move!
The gnoll barely misses you. The gnoll sergeant closely misses you.
You claw the gnoll sergeant!
You kill the gnoll sergeant!
You feel better.
The gnoll is no longer sharing its pain.
The gnoll hits you from afar with a +0 spear.
* * * LOW HITPOINT WARNING * * *
The orc warrior unwields a +0 dire flail.
The orc warrior wields a +0 arbalest.
The orc warrior shoots a bolt.
The bolt hits you.
* * * LOW HITPOINT WARNING * * *
Items here: )) [ ††.
The orc warrior shoots a bolt.
The bolt closely misses you.
The orc throws a stone.
The stone barely misses you.
The orc warrior shoots a bolt.
The bolt hits you!
* * * LOW HITPOINT WARNING * * *
You're too confused to move!
The orc warrior shoots a bolt.
The bolt hits you!
* * * LOW HITPOINT WARNING * * *
You bump into the rock wall.
You're too confused to move!
You feel less invigorated.
You feel less confused.
The orc warrior shoots a bolt.
The bolt hits you but does no damage.
Unknown command.
You are confused.
You feel invigorated.
The orc warrior shoots a bolt.
The bolt misses you.
You bump into the rock wall.
The orc warrior shoots a bolt.
The bolt hits you!
* * * LOW HITPOINT WARNING * * *
You bump into the rock wall.
The orc warrior shoots a bolt.
The bolt hits you!
You die...

#$......# #.#.......
#...).# ......#...
#....†## ......###.
##.....## .
........####
##..o[.##....
#..#....#.#.
#...).......
.......#.#.
##.)########
#..........
##)goo.###
##..........
#####..@##
#.........#.
###..####.........#.
##..#..........##.
##.......#.....#.
##.>..#####.#...
##.### #.#### #.#
### ###


You could see an orc warrior, a gnoll and an orc.

Vanquished Creatures
  Grinder (D:3)
  Prince Ribbit (D:5)
  Sigmund (D:3)
  A steam dragon (D:6)
  Pargi (D:3)
  An orc warrior (D:5)
  2 sky beasts
  Blork the orc (D:5)
  2 gnoll sergeants (D:6)
  A bullfrog (D:4)
  A scorpion (D:5)
  A howler monkey (D:3)
  A jelly (D:6)
  Crazy Yiuf (D:3)
  2 gnoll boudas (D:6)
  2 orc priests (D:6)
  3 hounds
  An iguana (D:4)
  An orc wizard (D:6)
  12 gnolls
  12 adders
  2 shadow imps (D:4)
  2 ufetubi
  2 worms (D:2)
  5 dart slugs
  9 orcs
  3 ball pythons
  3 bats
  7 endoplasms
  3 giant cockroaches
  8 goblins
  4 hobgoblins
  4 jackals
  2 quokkas
  3 frilled lizards
  5 kobolds
  4 rats
115 creatures vanquished.

Vanquished Creatures (others)
  3 demonic plants (D:4)
  14 plants (D:4)
17 creatures vanquished.

Grand Total: 132 creatures vanquished

Notes
Turn   | Place    | Note
-------+----------+-------------------------------------------
     0 | D:1      | Dvallin the Ghoul Monk began the quest for the Orb.
     0 | D:1      | Reached XP level 1. HP: 19/19 MP: 0/0
   153 | D:1      | Reached XP level 2. HP: 26/26 MP: 1/1
   394 | D:1      | Reached skill level 4 in Unarmed Combat
   433 | D:1      | Reached XP level 3. HP: 33/33 MP: 2/2
   988 | D:2      | Found Qiega's Jewellery Boutique.
  1117 | D:2      | Found Mavem's Jewellery Emporium.
  1165 | D:2      | Reached XP level 4. HP: 37/40 MP: 3/3
  1326 | D:2      | Found Ypaolur's Antique Armour Boutique.
  1352 | D:2      | Found Doshralli's Armour Emporium.
  1417 | D:2      | Found Cetryloe's Armour Shoppe.
  1448 | D:2      | Reached skill level 5 in Unarmed Combat
  1449 | D:2      | Found a faded altar of an unknown god.
  1741 | D:3      | Noticed Pargi
  1815 | D:3      | Killed Pargi
  1816 | D:3      | Reached skill level 1 in Armour
  1816 | D:3      | Reached XP level 5. HP: 42/47 MP: 4/4
  1998 | D:3      | Noticed Grinder
  2023 | D:3      | Killed Grinder
  2024 | D:3      | Reached skill level 5 in Fighting
  2024 | D:3      | Reached skill level 6 in Unarmed Combat
  2024 | D:3      | Reached XP level 6. HP: 36/56 MP: 5/5
  2179 | D:3      | Reached XP level 7. HP: 55/61 MP: 6/6
  2624 | D:3      | Found a runed translucent door.
  2625 | D:3      | Noticed Crazy Yiuf
  2710 | D:3      | Noticed Sigmund
  2721 | D:3      | Killed Sigmund
  2722 | D:3      | Reached skill level 7 in Unarmed Combat
  2916 | D:3      | Killed Crazy Yiuf
  3519 | D:4      | Reached XP level 8. HP: 54/70 MP: 7/7
  3634 | D:4      | Got the Tome of Blight and Adjuration
  3846 | D:5      | Entered Level 5 of the Dungeon
  3915 | D:5      | Reached skill level 8 in Unarmed Combat
  3982 | D:5      | Noticed Blork the orc
  3988 | D:5      | Killed Blork the orc
  4116 | D:5      | Noticed Prince Ribbit
  4133 | D:5      | Killed Prince Ribbit
  4517 | D:5      | Found Vauthrua's Antique Weapon Shop.
  4926 | D:5      | Reached skill level 9 in Unarmed Combat
  5066 | D:6      | Found a staircase to the Ecumenical Temple.
  5083 | Temple   | Entered the Ecumenical Temple
  5346 | Temple   | Became a worshipper of Uskayaw the Reveller
  5346 | Temple   | Reached * piety under Uskayaw
  5437 | D:6      | Reached ** piety under Uskayaw
  5439 | D:6      | Reached skill level 1 in Invocations
  5439 | D:6      | Reached XP level 9. HP: 79/79 MP: 8/8
  5452 | D:6      | Found Piteek's Antique Weapon Shoppe.
  5513 | D:6      | Reached *** piety under Uskayaw
  5560 | D:6      | Reached **** piety under Uskayaw
  5576 | D:6      | Shot with a bolt by an orc warrior

Illustrated notes

Levels and vault maps discovered:
D:1:      ncdulo_wetmaze, layout_basic, minmay_crystal_room
D:2:      layout_basic, chequers_ecumenical_altar_simple_redux, serial_shops,
          shop, shop, shop, nicolae_shop_trees, shop
D:3:      layout_basic, uniq_grinder, uniq_sigmund, uniq_pargi,
          uniq_crazy_yiuf_cottage
D:4:      cheibrodos_old_hovel, layout_cave_pools, serial_demonic,
          serial_demonic_d, serial_demonic_g, serial_demonic_g,
          serial_demonic_c, minivault_14, serial_bayou_lake_a
D:5:      layout_loops_ring, serial_shops, shop, uniq_blork_the_orc,
          uniq_prince_ribbit1
D:6:      layout_cave_pools, lemuel_zombie_altar_yredelemnul,
          minmay_temple_entry_proselytizer, serial_gnoll_camp,
          gnoll_camp_mini_hut, gnoll_camp_mini_hut, gnoll_camp_mini_shop,
          gnoll_camp_huts_basic, gnoll_camp_mini_loothouse,
          gnoll_camp_mini_house, moated_statue
Temple:   mainiacjoe_temple_archimedes_tessellation

Skill      XL: |  1  2  3  4  5  6  7  8 |
---------------+-------------------------+-----
Unarmed Combat | 4 5 6 7 9 |  9.9
Fighting       | 4 5 7 |  7.3
Armour         | 1 2 3 4 |  4.8
Invocations    | 1 |  1.9
Dodging        | |  2.6
Stealth        | |  2.1

Action                   |  1- 3 |  4- 6 |  7- 9 || total
-------------------------+-------+-------+-------++-------
Melee: Unarmed           |    91 |    82 |   245 ||   418
       Punch             |     1 |     5 |     6 ||    12
 Fire: Sling             |       |     3 |       ||     3
Throw: Stone             |     4 |     4 |       ||     8
  Use: Potion            |       |       |     2 ||     2
 Stab: Sleeping          |     2 |       |       ||     2
       Distracted        |       |       |     1 ||     1
       Paralysed         |       |       |     2 ||     2
Armor: Robe              |     2 |       |       ||     2
       Leather armour    |    17 |       |       ||    17
       Ring mail         |       |    33 |    69 ||   102
Dodge: Dodged            |    48 |    46 |   111 ||   205
Block: Other             |       |       |    45 ||    45
       Reflection        |       |       |     1 ||     1
